 Dungeon Crawl Stone Soup version 0.28.0-53-g5a82cb258f (webtiles) character file.

Game seed: 8372996864589187885

1178 Atelerd the Digger (level 8, -5/46 HPs)
             Began as an Octopode Earth Elementalist on July 12, 2022.
             Was an Initiate of Sif Muna.
             Slain by an ogre
             ... wielding a +0 giant club
              (29 damage)
             ... on level 6 of the Dungeon.
             The game lasted 00:05:34 (7080 turns).

Atelerd the Digger (Octopode Earth Elementalist)    Turns: 7080, Time: 00:05:34

Health: -5/46      AC:  1    Str:  7    XL:     8   Next: 42%
Magic:  12/15      EV: 13    Int: 19    God:    Sif Muna [......]
Gold:   202        SH:  0    Dex: 13    Spells: 12/17 levels left

rFire   . . .      SeeInvis .   d - +0 short sword
rCold   . . .      Faith    .   (no shield)
rNeg    . . .      Spirit   .   (helmet restricted)
rPois   .          Reflect  .   (no amulet)
rElec   .          Harm     .   g - ring of resist corrosion
rCorr   +          Rampage  .   (no ring)
Will    .....                   (no ring)
Stlth   ++++......              (no ring)
HPRegen 0.15/turn               (no ring)
MPRegen 0.14/turn               (no ring)
                                (no ring)
                                (no ring)

@: no status effects
A: almost no armour, amphibious, 8 rings, camouflage 1, gelatinous body 1,
(nimble swimmer 1), tentacles
a: Renounce Religion


You were on level 6 of the Dungeon.
You worshipped Sif Muna.
Sif Muna was noncommittal.
You visited 2 branches of the dungeon, and saw 7 of its levels.

You collected 321 gold pieces.
You spent 119 gold pieces at shops.

Inventory:

Hand Weapons
 d - a +0 short sword (weapon)
Missiles
 b - 111 stones
Jewellery
 g - a ring of resist corrosion (left tentacle)
Wands
 j - a wand of flame (34)
 k - a wand of acid (11)
 n - a wand of charming (4)
 v - a wand of mindburst (17)
Scrolls
 a - 6 scrolls of identify
 f - 2 scrolls of noise {unknown}
 i - 2 scrolls of silence {unknown}
 m - a scroll of torment {unknown}
 q - a scroll of magic mapping {unknown}
 r - a scroll of fear
 s - a scroll of teleportation
Potions
 c - a potion of cancellation {unknown}
 e - 2 potions of might {unknown}
 h - 2 potions of brilliance {unknown}
 l - 2 potions of mutation {unknown}
 o - 2 potions of ambrosia {unknown}
 p - a potion of magic {unknown}
 t - 2 potions of heal wounds {unknown}
 u - a potion of degeneration {unknown}
 w - a potion of lignification {unknown}


   Skills:
 - Level 2.0 Dodging
 + Level 4.1 Stealth
 + Level 5.3 Spellcasting
 - Level 5.0 Transmutations
 + Level 6.2 Earth Magic
 + Level 2.1 Invocations


You had 12 spell levels left.
You knew the following spells:

 Your Spells              Type           Power      Damage    Failure   Level
a - Sandblast             Erth           56%        2d13      1%          1
p - Petrify               Tmut/Erth      26%        N/A       12%         4

Your spell library contained the following spells:

 Spells                   Type           Power      Damage    Failure   Level
 Passwall                 Tmut/Erth      21%        N/A       1%          2
 Stone Arrow              Conj/Erth      32%        3d9       10%         3
 Animate Skeleton         Necr           10%        N/A       12%         1
 Apportation              Tloc           10%        N/A       12%         1
 Summon Small Mammal      Summ           20%        N/A       12%         1
 Corpse Rot               Necr/Air       10%        N/A       19%         2
 Poisonous Vapours        Pois/Air       10%        N/A       19%         2
 Dispel Undead            Necr           5%         3d7       77%         4
 Death Channel            Necr           2%         N/A       100%        6


Dungeon Overview and Level Annotations

Branches:
Dungeon (6/15)             Temple (1/1) D:5

Altars:
Ashenzari
Cheibriados
Fedhas
Gozag
Hepliaklqana
Kikubaaqudgha
Makhleb
Okawaru
Qazlal
Ru
Sif Muna
Trog
Uskayaw
Xom
Yredelemnul
Zin

Shops:
D:3 ?

Annotations:
D:3 2 runed translucent doors


Innate Abilities, Weirdness & Mutations

You cannot wear most types of armour.
You are amphibious.
You can wear up to eight rings at the same time.
Your skin changes colour to match your surroundings (Stealth+).
Your rubbery body absorbs attacks. (AC +1, EV +1)
((You are camouflaged when in or above water. (Stealth+)))
You have tentacles for arms and can constrict up to eight enemies at once.


Message History

j - a wand of flame (34) (gained 14 charges)
You now have 202 gold pieces (gained 8).
You open the door. You open the door.
There is an open door here.
An ogre comes into view. It is wielding a +0 giant club.
Found a stone staircase leading up.
The ogre shouts!
An ogre is nearby!
An ogre is nearby!
An ogre is nearby!
An ogre is nearby!
An ogre is nearby!
The blast of sand hits the ogre.
The ogre is lightly wounded.
The ogre hits you with a +0 giant club!!
Ouch! That really hurt!
You are too injured to fight recklessly!
You are too injured to fight recklessly!
You are too injured to fight recklessly!
You are too injured to fight recklessly!
Casting: Sandblast (safe; 1% risk of failure)
Confirm with . or Enter, or press ? or * to list all spells.
Aiming: Sandblast (safe; 1% risk of failure)
Press: ? - help, Shift-Dir - straight line, f/p - ogre
Aim: an ogre, wielding a +0 giant club (lightly wounded, 91% to hit)
The blast of sand hits the ogre!
The ogre is heavily wounded.
Unknown command.
Unknown command.
Casting: Sandblast (safe; 1% risk of failure)
Confirm with . or Enter, or press ? or * to list all spells.
Aiming: Sandblast (safe; 1% risk of failure)
Press: ? - help, Shift-Dir - straight line, f/p - ogre
Aim: an ogre, wielding a +0 giant club (heavily wounded, 91% to hit)
The blast of sand hits the ogre!
The ogre is severely wounded.
The ogre hits you with a +0 giant club!!
Ouch! That really hurt!
You die...

#.......#....<.......
#.......#....).......
#.#'#'#.#............
#.#.#.#.###..........
#.#.#.#..............
#.#..................
#.###.######.##......
#.# #............#.#.
#.# ########@#...#.#
#.. #...O...#
#.#.....# #.#<.......
# #.####### #.. ###


You could see an ogre.

Vanquished Creatures
  Grinder (D:5)
  Sigmund (D:5)
  A water moccasin (D:5)
  A phantom (D:6)
  A scorpion (D:4)
  A water moccasin zombie (D:5)
  A wyvern skeleton (D:5)
  A howler monkey (D:5)
  A bullfrog zombie (D:5)
  A hound (D:5)
  An orc priest (D:5)
  2 jellies
  Crazy Yiuf (D:5)
  A bullfrog skeleton (D:5)
  Jessica (D:2)
  3 iguanas (D:5)
  A howler monkey skeleton (D:5)
  4 adders
  An ufetubus (D:5)
  2 worms (D:3)
  An adder skeleton (D:4)
  A dart slug (D:4)
  7 orcs
  8 ball pythons
  7 bats
  7 endoplasms
  4 hobgoblins
  3 quokkas
  4 frilled lizards
  3 goblins
  11 kobolds
  4 rats
87 creatures vanquished.

Notes
Turn   | Place    | Note
-------+----------+-------------------------------------------
     0 | D:1      | Atelerd the Octopode Earth Elementalist began the quest for
                  | the Orb.
     0 | D:1      | Reached XP level 1. HP: 11/11 MP: 3/3
   183 | D:1      | Reached XP level 2. HP: 2/17 MP: 0/5
  1011 | D:2      | Found a burning altar of Makhleb.
  1128 | D:2      | Noticed Jessica
  1136 | D:2      | Killed Jessica
  1137 | D:2      | Reached XP level 3. HP: 6/21 MP: 4/6
  1536 | D:2      | Reached XP level 4. HP: 21/27 MP: 5/8
  1597 | D:2      | Found a faded altar of an unknown god.
  2778 | D:3      | Found a large runed translucent door.
  2834 | D:3      | Found a large runed translucent door.
  2948 | D:3      | Learned a level 4 spell: Petrify
  3152 | D:3      | Found Kiuviath's Magic Scroll Shop.
  3162 | D:3      | Bought a scroll of identify for 28 gold pieces
  3162 | D:3      | Bought a scroll of fear for 49 gold pieces
  3162 | D:3      | Bought a scroll of teleportation for 42 gold pieces
  3283 | D:3      | Found a shimmering altar of Xom.
  3460 | D:4      | Noticed a scorpion
  3464 | D:4      | Killed a scorpion
  3465 | D:4      | Reached skill level 4 in Earth Magic
  3465 | D:4      | Reached XP level 5. HP: 17/31 MP: 6/9
  5040 | D:5      | Entered Level 5 of the Dungeon
  5047 | D:5      | Reached XP level 6. HP: 9/36 MP: 6/11
  5539 | D:5      | Noticed Grinder
  5543 | D:5      | Paralysed by Grinder for 3 turns
  5545 | D:5      | Noticed Sigmund
  5761 | D:5      | Found a staircase to the Ecumenical Temple.
  5779 | D:5      | Killed Sigmund
  5780 | D:5      | Reached skill level 5 in Earth Magic
  5780 | D:5      | Reached XP level 7. HP: 37/41 MP: 6/13
  5788 | Temple   | Entered the Ecumenical Temple
  5963 | Temple   | Became a worshipper of Sif Muna the Loreminder
  6154 | D:5      | Found an opulent altar of Gozag.
  6157 | D:5      | Found a snail-covered altar of Cheibriados.
  6470 | D:5      | Reached skill level 5 in Transmutations
  6569 | D:5      | Found a runed translucent door.
  6570 | D:5      | Noticed Crazy Yiuf
  6642 | D:5      | Found an iron altar of Okawaru.
  6724 | D:5      | Reached XP level 8. HP: 46/46 MP: 13/15
  6766 | D:5      | Killed Grinder
  6767 | D:5      | Reached skill level 5 in Spellcasting
  6767 | D:5      | Reached skill level 6 in Earth Magic
  6767 | D:5      | Reached skill level 1 in Invocations
  6934 | D:5      | Killed Crazy Yiuf
  7080 | D:6      | Slain by an ogre

Illustrated notes

Levels and vault maps discovered:
D:1:      nzn_arrival_depleted_hourglass, layout_rooms
D:2:      layout_loops_corners, basic_altar, shapermc_ecumenical_altar_pompeii,
          uniq_jessica
D:3:      due_chaos_kobolds, layout_basic, serial_shops, nicolae_lakefront_shop
D:4:      layout_basic
D:5:      layout_rooms, amcnicky_altar_gilded, nicolae_overflow_squiral,
          temple_green, corexii_checkpoint_a, uniq_crazy_yiuf_cottage,
          uniq_grinder, uniq_sigmund
D:6:      layout_basic, mainiacjoe_overflow_alcove_1, nemelex_spade_bored_becter
Temple:   eino_temple_water

Skill      XL: |  1  2  3  4  5  6  7  8 |
---------------+-------------------------+-----
Transmutations | 2 3 4 5 |  5.0
Spellcasting   | 3 4 5 |  5.3
Earth Magic    | 4 5 6 |  6.2
Stealth        | 4 |  4.1
Invocations    | 2 |  2.1
Dodging        | |  2.0

Action                   |  1- 3 |  4- 6 |  7- 9 || total
-------------------------+-------+-------+-------++-------
Melee: Unarmed           |     3 |       |       ||     3
       Constrict         |     5 |    19 |     5 ||    29
       Short sword       |    11 |    64 |    32 ||   107
       Tentacles         |     1 |    18 |    14 ||    33
       Punch             |     1 |     1 |     1 ||     3
 Cast: Sandblast         |    22 |    45 |    22 ||    89
       Petrify           |       |     3 |     4 ||     7
  Use: Potion            |       |     4 |       ||     4
 Stab: Sleeping          |     3 |     5 |       ||     8
       Petrified         |       |    13 |    24 ||    37
       Distracted        |       |     1 |       ||     1
       Petrifying        |       |     1 |       ||     1
Armor: Skin              |     2 |     1 |     1 ||     4
Dodge: Dodged            |    15 |    49 |    18 ||    82
